 Dungeon Sprint DCSS version 0.24-a0-93-ge1bfdf8443 (webtiles) character file.

Game seed: 16670886482355722298

469 Denreik the Magician (level 7, -11/56 HPs)
             Began as a Gnoll Earth Elementalist on Feb 10, 2019.
             Was an Initiate of Gozag.
             Mangled by a polar bear (15 damage)
             ... in the Dungeon (Sprint II: "The Violet Keep of Menkaure").
             The game lasted 00:03:05 (116 turns).

Denreik the Magician (Gnoll Earth Elementalist)      Turns: 116, Time: 00:03:07

Health: -11/56     AC:  2    Str: 10    XL:     7   Next: 9%
Magic:  9/17       EV: 17    Int: 19    God:    Gozag
Gold:   265        SH:  0    Dex: 16    Spells: 5/20 levels left

rFire    . . .     SeeInvis .     - Unarmed
rCold    . . .     Gourm    .   (no shield)
rNeg     . . .     Faith    .   c - +0 robe
rPois    .         Spirit   .   (no helmet)
rElec    .         Reflect  .   (no cloak)
rCorr    .         Harm     .   (no gloves)
MR       .....     NoTele   +   (no boots)
Stlth    ++........             (no amulet)
HPRegen  0.18/turn              (no ring)
MPRegen  0.15/turn              (no ring)

@: very slow
A: distributed training, fangs 1, strong nose
a: Potion Petition, Call Merchant, Bribe Branch, Renounce Religion


You were in the Dungeon.
You worshipped Gozag.
Gozag was aware of your devotion.
You were not hungry.

You visited 1 branch You collected 265 gold pieces.

Inventory:

Missiles
 b - 19 stones (quivered)
Armour
 c - a +0 robe (worn)
Scrolls
 j - a scroll of blinking
Potions
 e - a potion of curing
 f - a potion of heal wounds
 g - a potion of haste
 h - a potion of magic
 i - a potion of berserk rage
Comestibles
 d - a ration


   Skills:
 + Level 5.0 Fighting
 + Level 5.0 Short Blades
 + Level 5.0 Long Blades
 + Level 5.0 Axes
 + Level 5.0 Maces & Flails
 + Level 5.0 Polearms
 + Level 5.0 Staves
 + Level 5.0 Slings
 + Level 5.0 Bows
 + Level 5.0 Crossbows
 + Level 5.0 Throwing
 + Level 5.0 Armour
 + Level 6.9 Dodging
 + Level 6.6 Stealth
 + Level 5.0 Shields
 + Level 5.0 Unarmed Combat
 + Level 7.2 Spellcasting
 + Level 4.1 Conjurations
 + Level 4.1 Hexes
 + Level 4.1 Charms
 + Level 4.1 Summonings
 + Level 4.1 Necromancy
 + Level 4.1 Translocations
 + Level 4.7 Transmutations
 + Level 4.1 Fire Magic
 + Level 4.1 Ice Magic
 + Level 4.1 Air Magic
 + Level 7.0 Earth Magic
 + Level 4.1 Poison Magic
 + Level 5.5 Invocations
 + Level 5.0 Evocations


You had 5 spell levels left.
You knew the following spells:

 Your Spells              Type           Power        Failure   Level  Hunger
a - Sandblast             Erth           ####..       1%          1    None
b - Passwall              Tmut/Erth      ####....     1%          2    None
c - Stone Arrow           Conj/Erth      ####..       3%          3    #......
d - Petrify               Tmut/Erth      ####....     9%          4    ###....
e - Lee's Rapid Deconstr  Erth           ####......   16%         5    #####..

Your spell library contained the following spells:

 Spells                   Type           Power        Failure   Level  Hunger


Dungeon Overview and Level Annotations

Branches:
Dungeon (1/1)

Altars:
Cheibriados
Dithmenos
Elyvilon
Fedhas
Gozag
Hepliaklqana
Kikubaaqudgha
Makhleb
Nemelex Xobeh
Okawaru
Qazlal
Ru
Sif Muna
Trog
Uskayaw
Vehumet
Wu Jian
Xom
Yredelemnul
Zin
The Shining One
Beogh
Jiyva
Lugonu

Shops:
D }=%:!(


Innate Abilities, Weirdness & Mutations

Your experience applies equally to all skills.
You have very sharp teeth.
Your uncanny sense of smell can sniff out nearby items.


Message History

The polar bear claws you. x2
* * * LOW HITPOINT WARNING * * *
The polar bear bites you!
* * * LOW HITPOINT WARNING * * *
The polar bear claws you.
* * * LOW HITPOINT WARNING * * *
The polar bear claws you.
* * * LOW HITPOINT WARNING * * *
Casting: Passwall (safe; 1% risk of failure)
Confirm with . or Enter, or press ? or * to list all spells.
Aiming: Lee's Rapid Deconstruction (quite dangerous; 16% risk of failure)
Press: ? - help, Dir - move target cursor A stone wall.
The wall shatters!
The blast of rock fragments hits the polar bear!
The polar bear is moderately wounded.
The hornet buzzes angrily.
You hear an angry growl.
The polar bear bites you!
You die...
Your body crumbles into a pile of gold.

$ #. ∆∆ $∆$ .### $+.###
∆)▓?)$($!) ... ∆ ...#
##▓?!%$($!$ $ #..## #..#
$#▓%(?$$$[$ #+# .##..#$∆+..#
y#▓(($))$? $##.##H# #..# ∆#.^#
.#▓$??$$?$ +.<.+#
+..####..##.#▓$))$()$ ##.##H#
#....###hy.##▓▓▓▓▓▓▓+ ##†##
.##......@hc≈≈≈≈≈≈≈≈≈≈.
##.#.####≈≈.....≈#'########+###
#..#..#≈≈≈≈≈§§..≈#.._._._.#t≈§#
##...##≈≈≈§§≈≈§.≈#._._._..#≈≈§≈
≈##'##≈≈≈≈§≈≈§≈≈§#_._._._.#≈≈§§
≈≈≈≈≈≈≈≈≈§§§§§≈≈§#._._._._#≈≈t§
+++#+++#§§§§§§≈§≈#.._._._.#≈§§§
....° ##≈§§###≈§#..._._._#§§≈§
°°.○°..○##§≈#∆#≈≈#...._._.#§≈≈≈


You could see 2 polar bears, a yaktaur and a hornet.

Vanquished Creatures
  Menkaure (D)
  4 necrophages (D)
  A scorpion (D)
6 creatures vanquished.

Vanquished Creatures (others)
  A crocodile (D)
1 creature vanquished.

Grand Total: 7 creatures vanquished

Notes
Turn   | Place    | Note
-------+----------+-------------------------------------------
     0 | D        | Denreik the Gnoll Earth Elementalist began the quest for
                  | the Orb.
     0 | D        | Reached XP level 1. HP: 13/13 MP: 6/6
     3 | D        | Noticed a hippogriff
     3 | D        | Noticed a hippogriff
     6 | D        | Noticed a necrophage
     6 | D        | Noticed a necrophage
     6 | D        | Noticed a necrophage
     6 | D        | Noticed a necrophage
    10 | D        | Killed a necrophage
    10 | D        | Reached skill level 5 in Dodging
    10 | D        | Reached skill level 5 in Stealth
    10 | D        | Reached skill level 5 in Spellcasting
    10 | D        | Reached XP level 2. HP: 11/23 MP: 2/8
    10 | D        | Reached XP level 3. HP: 13/28 MP: 2/10
    10 | D        | Reached XP level 4. HP: 16/34 MP: 2/11
    12 | D        | Killed a necrophage
    12 | D        | Reached XP level 5. HP: 19/41 MP: 0/13
    16 | D        | Killed a necrophage
    16 | D        | Reached XP level 6. HP: 23/48 MP: 10/15
    19 | D        | Killed a necrophage
    19 | D        | Reached skill level 5 in Invocations
    28 | D        | Learned a level 2 spell: Passwall
    32 | D        | Learned a level 3 spell: Stone Arrow
    37 | D        | Learned a level 4 spell: Petrify
    43 | D        | Learned a level 5 spell: Lee's Rapid Deconstruction
    43 | D        | Noticed an obsidian statue
    44 | D        | Noticed Menkaure
    47 | D        | Killed Menkaure
    51 | D        | Found Essannam's Antique Weapon Shop.
    52 | D        | Found Riutealec's Book Shop.
    52 | D        | Found Juolulun's Food Boutique.
    52 | D        | Found Wiruwar's Distillery.
    53 | D        | Found Usyb's Jewellery Boutique.
    53 | D        | Found Verealac's Gadget Shop.
    56 | D        | Reached skill level 5 in Fighting
    56 | D        | Reached skill level 5 in Short Blades
    56 | D        | Reached skill level 5 in Long Blades
    56 | D        | Reached skill level 5 in Axes
    56 | D        | Reached skill level 5 in Maces & Flails
    56 | D        | Reached skill level 5 in Polearms
    56 | D        | Reached skill level 5 in Staves
    56 | D        | Reached skill level 5 in Slings
    56 | D        | Reached skill level 5 in Bows
    56 | D        | Reached skill level 5 in Crossbows
    56 | D        | Reached skill level 5 in Throwing
    56 | D        | Reached skill level 5 in Armour
    56 | D        | Reached skill level 5 in Shields
    56 | D        | Reached skill level 5 in Unarmed Combat
    56 | D        | Reached skill level 5 in Evocations
    56 | D        | Reached XP level 7. HP: 34/56 MP: 3/17
    77 | D        | Found a roughly hewn altar of Beogh.
    78 | D        | Found a hazy altar of Hepliaklqana.
    78 | D        | Found a snail-covered altar of Cheibriados.
    79 | D        | Found a stormy altar of Qazlal.
    79 | D        | Found a viscous altar of Jiyva.
    79 | D        | Found a shadowy altar of Dithmenos.
    80 | D        | Found a sacrificial altar of Ru.
    80 | D        | Found an ancient bone altar of Kikubaaqudgha.
    80 | D        | Found a white marble altar of Elyvilon.
    81 | D        | Found an ornate altar of the Wu Jian Council.
    81 | D        | Found a deep blue altar of Sif Muna.
    81 | D        | Found a corrupted altar of Lugonu.
    82 | D        | Found a shimmering altar of Xom.
    82 | D        | Found a bloodstained altar of Trog.
    82 | D        | Found a burning altar of Makhleb.
    83 | D        | Found a glowing golden altar of the Shining One.
    83 | D        | Found a basalt altar of Yredelemnul.
    83 | D        | Found a hide-covered altar of Uskayaw.
    84 | D        | Found a glowing silver altar of Zin.
    84 | D        | Found a radiant altar of Vehumet.
    86 | D        | Found a blossoming altar of Fedhas.
    86 | D        | Found a sparkling altar of Nemelex Xobeh.
    87 | D        | Found an opulent altar of Gozag.
    87 | D        | Found an iron altar of Okawaru.
    95 | D        | Became a worshipper of Gozag Ym Sagoz the Greedy
   112 | D        | Noticed a yaktaur
   112 | D        | Noticed a hornet
   112 | D        | Noticed a polar bear
   112 | D        | Noticed a polar bear
   116 | D        | Mangled by a polar bear

Levels and vault maps discovered:
D:        the_violet_keep_of_menkaure [sprint2_stairs_cluster_1,
          sprint2_shoproom, sprint2_temple, sprint2_basic_supplies,
          sprint2_obstacle_3, sprint2_obstacle_5, sprint2_obstacle_7,
          sprint2_obstacle_6, sprint2_obstacle_2, sprint2_timed_cluster_1,
          sprint2_smallroom_cluster_1, sprint2_smallroom_final_cluster_1,
          sprint2_transparent_cluster_1, sprint2_second_timed_cluster_1,
          sprint2_sniper_area_1, sprint2_heavy_combat_area_1,
          sprint2_mutation_trap_area_1, sprint2_forest_area_1,
          sprint2_light_combat_area_1, sprint2_behind_water_1,
          sprint2_near_end_vault_1]

Skill      XL: |  1  2  3  4  5  6 |
---------------+-------------------+-----
Fighting       | 2 3 4 5 |  5.0
Short Blades   | 2 3 4 5 |  5.0
Long Blades    | 2 3 4 5 |  5.0
Axes           | 2 3 4 5 |  5.0
Maces & Flails | 2 3 4 5 |  5.0
Polearms       | 2 3 4 5 |  5.0
Staves         | 2 3 4 5 |  5.0
Slings         | 2 3 4 5 |  5.0
Bows           | 2 3 4 5 |  5.0
Crossbows      | 2 3 4 5 |  5.0
Throwing       | 2 3 4 5 |  5.0
Armour         | 2 3 4 5 |  5.0
Dodging        | 5 6 |  6.9
Stealth        | 5 6 |  6.6
Shields        | 2 3 4 5 |  5.0
Unarmed Combat | 2 3 4 5 |  5.0
Spellcasting   | 5 6 7 |  7.2
Conjurations   | 2 3 4 |  4.1
Hexes          | 2 3 4 |  4.1
Charms         | 2 3 4 |  4.1
Summonings     | 2 3 4 |  4.1
Necromancy     | 2 3 4 |  4.1
Translocations | 2 3 4 |  4.1
Transmutations | 3 4 |  4.7
Fire Magic     | 2 3 4 |  4.1
Ice Magic      | 2 3 4 |  4.1
Air Magic      | 2 3 4 |  4.1
Poison Magic   | 2 3 4 |  4.1
Invocations    | 3 4 5 |  5.5
Evocations     | 2 3 4 5 |  5.0
Earth Magic    | 6 7 |  7.0

Action                   |  1- 3 |  4- 6 |  7- 9 || total
-------------------------+-------+-------+-------++-------
Melee: Unarmed           |       |     1 |       ||     1
       Bite              |       |     1 |       ||     1
 Cast: Sandblast         |     3 |     8 |       ||    11
       Stone Arrow       |       |     3 |     1 ||     4
       Lee's Rapid Decon |       |       |     1 ||     1
  Use: Potion            |       |     1 |       ||     1
Armor: Robe              |       |       |     2 ||     2
Dodge: Dodged            |       |     4 |     4 ||     8

Table legend:
 A = Non-vault XP
 B = Vault XP
 C = Vault XP percentage of total XP
 D = Non-vault monster count
 E = Vault monster count
 F = Vault count percentage of total count
                 A         B        C        D         E       F
            +---------+---------+-------+---------+---------+-------
      Total |       0 |     670 | 100.0 |       0 |       6 | 100.0
            +---------+---------+-------+---------+---------+-------
          D |       0 |     670 | 100.0 |       0 |       6 | 100.0
            +---------+---------+-------+---------+---------+-------
